 Dungeon Crawl Stone Soup version 0.21-a0-509-gecc5317 (webtiles) character file.

8 Laiders the Ruffian (level 2, 0/23 HPs)
             Began as a Draconian Transmuter on Nov 30, 2017.
             Hit by a stone thrown by a kobold (1 damage)
             ... on level 1 of the Dungeon.
             The game lasted 00:01:04 (186 turns).

Laiders the Ruffian (Draconian Transmuter)           Turns: 186, Time: 00:01:05

Health: 0/23       AC:  4    Str: 12    XL:     2   Next: 0%
Magic:  3/5        EV: 12    Int: 13    God:
Gold:   4          SH:  0    Dex: 11    Spells: 4/5 levels left

rFire    . . .     SeeInvis .     - Unarmed
rCold    . . .     Gourm    .   (no shield)
rNeg     . . .     Faith    .   (armour unavailable)
rPois    .         Spirit   .   (helmet restricted)
rElec    .         Reflect  .   (no cloak)
rCorr    .         Harm     .   (no gloves)
MR       .....                  (no boots)
Stlth    +.........             (no amulet)
HPRegen  0.07/turn              (no ring)
MPRegen  0.09/turn              (no ring)

@: lethally poisoned (0 -> -5), appendage (expiring)
A: unfitting armour, horns 2, cold-blooded, AC +4
a: End Transformation


You were on level 1 of the Dungeon.
You were not hungry.
You had grown temporary horns.
You visited 1 branch of the dungeon, and saw 1 of its levels.

You collected 4 gold pieces.

Inventory:

Missiles
 a - 12 arrows
Jewellery
 e - an uncursed amulet of guardian spirit {unknown}
Books
 b - a book of Changes

   Spells                             Type                      Level
   a - Beastly Appendage              Transmutation                1
   b - Sticks to Snakes               Transmutation                2
   c - Spider Form                    Transmutation/Poison         3
   d - Ice Form                       Ice/Transmutation            4
   e - Blade Hands                    Transmutation                5
Comestibles
 c - a bread ration
 d - a chunk of flesh


   Skills:
 - Level 1.1 Fighting
 - Level 1.7 Dodging
 + Level 3.2 Unarmed Combat
 + Level 2.2 Spellcasting
 + Level 2.2 Transmutations


You had 4 spell levels left.
You knew the following spells:

 Your Spells              Type           Power        Failure   Level  Hunger
a - Beastly Appendage     Tmut           #.....       10%         1    ##.....


Dungeon Overview and Level Annotations

Branches:
Dungeon (1/15)

Altars:


Innate Abilities, Weirdness & Mutations

Your plain brown scales are hard. (AC +4)
You cannot fit into any form of body armour.
You are cold-blooded and may be slowed by cold attacks.
You have a pair of horns on your head.


Message History

You kill the kobold!
You have reached level 2!
You feel sick. The bat hits you but does no damage.
The goblin hits you with a club. The goblin barely misses you.
You hit the goblin.
Your tail-slap misses the goblin.
The goblin is moderately wounded.
The bat barely misses you. The goblin hits you with a dagger. x2
* * * LOW HITPOINT WARNING * * *
The goblin hits you with a club.
* * * LOW HITPOINT WARNING * * *
* * * LOW HITPOINT WARNING * * *
You feel sick. The bat closely misses you.
You aren't carrying any potions.
The bat hits you but does no damage. The goblin closely misses you.
Okay, then.
Your transformation is almost over.
* * * LOW HITPOINT WARNING * * *
You feel sick. The bat misses you.
The kobold throws a stone.
The stone hits you.
You die...

######## #......# #......#
#......## ############
##.......###..........#
÷....>....##..........#
###........#....@.....# ..
≈≈P#.####.....†?g.bg..#...
≈P.#.# #.##....g.g.......
P....# #...#....K>....#...
....###..#.......)....#
....#..#.##........K..#
....#..## #....##........
...... ...#####.........
....# .## #......###


You could see 4 goblins, a bat and 2 kobolds.

Vanquished Creatures
  2 giant cockroaches (D:1)
  A hobgoblin (D:1)
  2 kobolds (D:1)
  A bat (D:1)
  A rat (D:1)
7 creatures vanquished.

Notes
Turn   | Place    | Note
-------+----------+-------------------------------------------
     0 | D:1      | Laiders the Draconian Transmuter began the quest for the Orb.
     0 | D:1      | Reached XP level 1. HP: 16/16 MP: 3/3
   182 | D:1      | Reached XP level 2. HP: 14/23 MP: 3/5
   186 | D:1      | HP: 1/23 [poisoned by a kobold]
   186 | D:1      | Hit by a stone thrown by a kobold

Vault maps used:
D:1:      eino_arrival_druids_welcome, minmay_tetromino_s2

Action                   || total
-------------------------++-------
Melee: Unarmed           ||    18
       Kick              ||     2
       Tailslap          ||     2
       Headbutt          ||     1
 Cast: Beastly Appendage ||     2
Armor: Skin              ||    21
Dodge: Dodged            ||    29

Table legend:
 A = Spawn XP
 B = Non-spawn XP
 C = Spawn XP percentage of total XP
 D = Spawn monster count
 E = Non-spawn monster count
 F = Spawn count percentage of total count
 G = Total turns spent on level
                    A         B        C        D         E        F      G
               +---------+---------+-------+---------+---------+-------+---------
         Total |       0 |      12 |   0.0 |       0 |       7 |   0.0 |   186
               +---------+---------+-------+---------+---------+-------+---------
           D:1 |       0 |      12 |   0.0 |       0 |       7 |   0.0 |   186
               +---------+---------+-------+---------+---------+-------+---------
